Cogmind - Beta 12 *** ADVENTURER MODE // 2024.01.02 @ 19:03:43 Player: Mithrans Result: Destroyed by as-69450 with Assembled Heavy Rifle Performance ------------- Evolutions (0) 0 Regions Visited (4) 800 Robots Destroyed (19) 95 Value Destroyed (449) 449 Prototype IDs (1) 20 Alien Tech Used (0) 0 Bonus (-21) -21 TOTAL SCORE: 1343 Bonus ------- Friendly Fire -21 Cogmind --------- Core Integrity 0/250 Matter 299/300 Energy 89/100 System Corruption 0% Temperature Cool (60) Movement Treading (160) Location -9/Mines Parts ------- > --- POWER (1) -------- (None) > --- PROPULSION (2) --- Light Treads > --- UTILITY (2) ------ Targeting Computer Sensor Drone Bay (11/20) > --- WEAPON (2) ------- Medium Laser Light Assault Rifle > --- INVENTORY (5) ---- High-capacity Matter Pod (200) Power Shielding Small Laser Makeshift Axe Peak State ------------ > --- POWER ------------ Light Ion Engine > --- PROPULSION ------- Light Treads Flight Unit > --- UTILITY ---------- Targeting Computer Sensor Drone Bay > --- WEAPON ----------- Light Assault Rifle Makeshift Axe > --- INVENTORY -------- Flight Unit Flight Unit High-capacity Matter Pod Power Shielding Small Laser [Rating: 17] Favorites ----------- Power Ion Engine Engine Ion Engine Propulsion Light Treads Treads Light Treads Leg Aluminum Leg Flight Unit Flight Unit Utility Targeting Computer Device Sensor Drone Bay Storage High-capacity Matter Pod Processor Targeting Computer Protection Core Shielding Weapon Medium Laser Energy Gun Medium Laser Ballistic Gun Light Assault Rifle Slashing Weapon Makeshift Axe Build | -11 -10 -10 -10 -9 ------- Run | Jun Mat Min Exi Min Slots Evolved . | . . . . . Power . | . . . . . Propulsion . | . . . . . Utility . | . . . . . Weapon . | . . . . . Parts Attached 26 | 6 3 12 . 5 Power 6 | 2 . 3 . 1 Engine 6 | 2 . 3 . 1 Core . | . . . . . Reactor . | . . . . . Propulsion 6 | 2 . 2 . 2 Treads 1 | . . 1 . . Leg 2 | 2 . . . . Wheel . | . . . . . Hover . | . . . . . Flight 3 | . . 1 . 2 Utility 7 | . 3 4 . . Device 1 | . . 1 . . Storage 3 | . 2 1 . . Processor 1 | . 1 . . . Hackware . | . . . . . Protection 2 | . . 2 . . Artifact . | . . . . . Weapon 7 | 2 . 3 . 2 Energy Gun 3 | 1 . 1 . 1 Energy Cannon . | . . . . . Ballistic Gun 2 | 1 . . . 1 Ballistic Cannon . | . . . . . Launcher . | . . . . . Special Weapon . | . . . . . Impact Weapon . | . . . . . Slashing Weapon 2 | . . 2 . . Piercing Weapon . | . . . . . Special Melee Weapon . | . . . . . Unidentified Prototypes 1 | . . 1 . . Parts Lost 5 | . . 3 . 2 Power 3 | . . 1 . 2 Propulsion . | . . . . . Utility . | . . . . . Weapon 2 | . . 2 . . Highest Loss Streak 1 | . . 1 . 1 To Critical Strikes . | . . . . . Average Slot Usage (%) 74 | . 73 64 71 91 Engine 13 | . 14 13 14 13 Treads 6 | . . 4 14 14 Leg 3 | . 12 . . . Flight 2 | . . . . 8 Device 5 | . . 2 14 14 Storage 8 | . 16 9 . . Processor 12 | . 8 14 14 14 Energy Gun 9 | . 14 12 . 2 Ballistic Gun 5 | . 6 . . 11 Slashing Weapon 6 | . . 5 14 11 Naked Turns . | . . . . . Heaviest Build 22 | 9 17 22 20 21 Greatest Support 20 | 20 20 20 20 20 Greatest Overweight (x) 5 | . 3 4 . 5 Average Overweight (x) 1 | . 1 2 . . Largest Inventory Capacity 5 | 5 5 5 5 5 Average Capacity 5 | 5 5 5 5 5 Most Carried 5 | 3 5 5 4 5 Average Carried 4 | . 4 4 4 4 Final Capacity 5 | 5 5 5 5 5 Final Carried 5 | 3 5 4 4 4 Class Distribution -------------------- 100% | Mutant Dominant Class ---------------- Mutant | -10/Materials Mutant | -10/Mines Mutant | -10/Exiles Mutant | -9/Mines Resources | -11 -10 -10 -10 -9 ----------- Run | Jun Mat Min Exi Min Matter Collected 881 | 284 96 449 . 52 Remotely . | . . . . . Salvage Created 655 | 127 96 293 . 139 Parts 38 | 15 6 10 . 7 Haulers Intercepted . | . . . . . Recyclers Shooed . | . . . . . Parts Field Recycled . | . . . . . Retrieved Matter . | . . . . . Parts Self-Destructed . | . . . . . Prevented . | . . . . . Kills | -11 -10 -10 -10 -9 ------- Run | Jun Mat Min Exi Min Combat Hostiles Destroyed 18 | 1 2 6 . 9 Melee 4 | . . 2 . 2 Guns 14 | 1 2 4 . 7 Classes Destroyed 6 | 3 . 1 . 2 Worker 1 | 1 . . . . Tunneler 3 | 3 . . . . Swarmer 6 | . . . . 6 Grunt 7 | 1 2 4 . . Sentry 2 | . . 2 . . Assembled 3 | . . . . 3 Best Kill Streak 5 | 5 2 2 . 4 Combat Bots Only 4 | 1 2 2 . 4 Max Kills in Single Turn 1 | 1 1 1 . 1 Gunslinging . | . . . . . Exploded . | . . . . . Melee 1 | . . 1 . 1 Uniques/NPCs Destroyed . | . . . . . Combat | -11 -10 -10 -10 -9 -------- Run | Jun Mat Min Exi Min Damage Taken 849 | 33 45 545 . 226 Core 252 | . . 191 . 61 Absorbed by Shields . | . . . . . Core Remaining (%) 100 | 100 . . . . Volleys Fired 55 | 8 8 26 . 13 Largest 2 | 2 2 1 . 2 Hottest 70 | 60 60 50 . 70 Shots Fired 77 | 16 16 26 . 19 Gun 77 | 16 16 26 . 19 Cannon . | . . . . . Launcher . | . . . . . Special . | . . . . . Kinetic 29 | 8 8 . . 13 Thermal 31 | . . 25 . 6 Explosive . | . . . . . Electromagnetic 17 | 8 8 1 . . Robot Hit Streak 16 | 7 8 15 . 16 Robot Miss Streak 2 | 1 1 1 . 2 Penetration Max . | . . . . . Secondary Targets 4 | 1 . . . 3 Max Gunslinging Chain 1 | 1 . . . 1 Shots Hit Robots 72 | 12 14 29 . 17 Core Hits 31 | 6 5 12 . 8 Critical Kills . | . . . . . Critical Parts Destroyed . | . . . . . Critical Strikes 4 | 1 . 2 . 1 Burn 3 | . . 2 . 1 Corrupt 1 | 1 . . . . Melee Attacks 10 | . . 5 . 5 Impact . | . . . . . Slashing 10 | . . 5 . 5 Piercing . | . . . . . Sneak Attacks . | . . . . . Combat Hostiles . | . . . . . Follow-up Attacks . | . . . . . Damage Inflicted 1085 | 151 183 475 . 276 Guns 795 | 151 181 301 . 162 Cannons . | . . . . . Explosions . | . . . . . Melee 288 | . . 174 . 114 Ramming 2 | . 2 . . . Kinetic 239 | 63 89 . . 87 Thermal 364 | . . 289 . 75 Explosive . | . . . . . Electromagnetic 192 | 88 92 12 . . Impact . | . . . . . Slashing 288 | . . 174 . 114 Piercing . | . . . . . Highest Corruption . | . . . . . Average Corruption . | . . . . . Corruption Purged . | . . . . . Corruption Blocked . | . . . . . Overload Shots . | . . . . . Overflow Damage 24 | . . . . 24 Projectiles . | . . . . . Explosions . | . . . . . Melee 24 | . . . . 24 Knockbacks . | . . . . . Impact . | . . . . . Kinetic . | . . . . . Secondary . | . . . . . Self-Inflicted Damage 1 | . 1 . . . Shots . | . . . . . Rammed 1 | . 1 . . . Targets Rammed 1 | . 1 . . . Kicked . | . . . . . Crushed . | . . . . . Highest Temperature 138 | 6 33 138 . 85 Average Temperature 43 | 6 20 51 . 56 Received Heat Transfer 387 | 24 33 330 . . Siege Activations . | . . . . . Robots Corrupted . | . . . . . Combat Hostiles . | . . . . . Parts Fried . | . . . . . Impact Corruptions . | . . . . . Robots Melted . | . . . . . Combat Hostiles . | . . . . . Parts Melted 7 | . . 7 . . Heat Transferred 1295 | . . 999 . 296 Parts Sabotaged . | . . . . . Parts Stolen . | . . . . . Parts Stripped . | . . . . . Power Chain Reactions . | . . . . . Missiles Intercepted . | . . . . . Alert | -11 -10 -10 -10 -9 ------- Run | Jun Mat Min Exi Min Peak Influence 90 | 40 72 85 . 90 Initial 22 | . 22 . . . Average 44 | 10 46 35 . 65 Maximum Alert Level . | . . . . . Low Security (%) 100 | 100 100 100 . 100 Level 1 . | . . . . . Level 2 . | . . . . . Level 3 . | . . . . . Level 4 . | . . . . . Level 5 . | . . . . . High Security . | . . . . . Max Security . | . . . . . Squads Dispatched . | . . . . . Investigation . | . . . . . Extermination . | . . . . . Reinforcement . | . . . . . Assault . | . . . . . Garrison . | . . . . . Intercept . | . . . . . Searches Triggered . | . . . . . Construction Impeded . | . . . . . Haulers Reinforced . | . . . . . Active Scanning Responses . | . . . . . Cargo Convoy Interrupts . | . . . . . Stealth | -11 -10 -10 -10 -9 --------- Run | Jun Mat Min Exi Min Distress Signals 1 | . . . . 1 Communications Jammed . | . . . . . Distress Signals . | . . . . . Times Spotted 21 | 1 2 6 . 12 Peak Tracking Total 5 | 1 2 2 . 5 Tactical Retreats . | . . . . . Traps | -11 -10 -10 -10 -9 ------- Run | Jun Mat Min Exi Min Traps Triggered 1 | . 1 . . . Indirectly . | . . . . . Trap Hack Attempts . | . . . . . Triggered . | . . . . . Disarmed . | . . . . . Reprogrammed . | . . . . . Reused . | . . . . . Traps Extracted . | . . . . . Installed . | . . . . . Triggered . | . . . . . Machines | -11 -10 -10 -10 -9 ---------- Run | Jun Mat Min Exi Min Machines Disabled . | . . . . . Max in Single Turn . | . . . . . Machines Repaired . | . . . . . Machines Sabotaged . | . . . . . Overloaded Fab Kills . | . . . . . Hacking | -11 -10 -10 -10 -9 --------- Run | Jun Mat Min Exi Min Machines Accessed 2 | . . 2 . . Terminals 1 | . . 1 . . Fabricators . | . . . . . Repair Stations . | . . . . . Recycling Units . | . . . . . Scanalyzers . | . . . . . Garrison Access . | . . . . . Total Hacks 4 | . . 4 . . Successful 3 | . . 3 . . Failed 1 | . . 1 . . Catastrophic . | . . . . . Database Lockouts . | . . . . . Manual . | . . . . . Terminals 3 | . . 3 . . Fabricators . | . . . . . Repair Stations . | . . . . . Recycling Units . | . . . . . Scanalyzers . | . . . . . Garrison Access . | . . . . . Terminal Hacks 3 | . . 3 . . Record 2 | . . 2 . . Open Door 1 | . . 1 . . Fabricator Hacks . | . . . . . Repair Station Hacks . | . . . . . Recycling Unit Hacks . | . . . . . Scanalyzer . | . . . . . Garrison Access Hacks . | . . . . . Unauthorized Hacks . | . . . . . Terminals . | . . . . . Fabricators . | . . . . . Repair Stations . | . . . . . Recycling Units . | . . . . . Scanalyzers . | . . . . . Garrison Access . | . . . . . Data Cores Recovered . | . . . . . Used . | . . . . . Hacking Detections 1 | . . 1 . . Full Trace Events 1 | . . 1 . . Feedback Events . | . . . . . Feedback Blocked . | . . . . . Robot Schematics Acquired . | . . . . . Robots Built . | . . . . . Authchips . | . . . . . Time . | . . . . . Total Robot Build Rating . | . . . . . Part Schematics Acquired . | . . . . . Parts Built . | . . . . . Authchips . | . . . . . Time . | . . . . . Total Part Build Rating . | . . . . . Parts Repaired . | . . . . . Time . | . . . . . Parts Recycled . | . . . . . Recycled Matter . | . . . . . Retrieved Matter . | . . . . . Retrieved Components . | . . . . . Parts Scanalyzed . | . . . . . Part Schematics Acquired . | . . . . . Parts Damaged . | . . . . . Bothacking | -11 -10 -10 -10 -9 ------------ Run | Jun Mat Min Exi Min Used RIF Installer . | . . . . . Robots Hacked . | . . . . . Non-combat . | . . . . . Combat . | . . . . . Robot Hacks Applied . | . . . . . Relay Couplers Released . | . . . . . Fabnet Peak Effective % . | . . . . . Robots Rewired . | . . . . . Allies Hacked . | . . . . . Hacks Repelled . | . . . . . Allies | -11 -10 -10 -10 -9 -------- Run | Jun Mat Min Exi Min Total Allies 1 | . . . . 1 Largest Group 1 | . . . . 1 Highest-Rated Group 31 | . . . . 31 Highest-Rated Ally 31 | . . . . 31 Total Orders 2 | . . . . 2 ROAM 1 | . . . . 1 FOLLOW 1 | . . . . 1 Ally Attacks 3 | . . . . 3 Total Damage 42 | . . . . 42 Kills . | . . . . . Allies Corrupted . | . . . . . Allies Melted . | . . . . . Intel | -11 -10 -10 -10 -9 ------- Run | Jun Mat Min Exi Min Robot Analysis Total . | . . . . . Derelict Logs Recovered 1 | . . . . 1 Drone Launches 32 | . . 20 . 12 Drone Recoveries 23 | . . . . 23 Exploration | -11 -10 -10 -10 -9 ------------- Run | Jun Mat Min Exi Min Turns Passed 2176 | 168 496 856 47 609 Spaces Moved 1103 | 131 294 395 30 253 Core 446 | 39 139 268 . . Treads 383 | . . 127 30 226 Legs 247 | 92 155 . . . Wheels . | . . . . . Hover . | . . . . . Flight 27 | . . . . 27 Fastest Speed 50 | 50 120 150 160 160 Average Speed 178 | 99 157 193 160 220 Slowest Speed 460 | 120 200 250 160 460 Overloaded Moves . | . . . . . Propulsion Burnouts . | . . . . . Robots Hopped . | . . . . . Cave-ins Triggered . | . . . . . Exploration Rate (%) 28 | 7 27 48 9 49 Regions Visited 4 Branch Regions 3 Pre-discovered Areas 1 | . . . . 1 Known Exits Taken 1 | . . 1 . . Unknown Exits Taken 3 | 1 1 . 1 . Scrap Searched 2 | . . 1 . 1 Spaces Dug . | . . . . . Terrain Destroyed . | . . . . . Melee . | . . . . . Projectile . | . . . . . AOE . | . . . . . Terrain Rammed . | . . . . . Walls Destroyed . | . . . . . Machines Disabled . | . . . . . Actions | -11 -10 -10 -10 -9 --------- Run | Jun Mat Min Exi Min Total 1233 | 152 309 458 29 285 Wait 7 | . . 5 . 2 Move 1099 | 130 293 394 29 253 Hop . | . . . . . Pick Up 22 | 8 4 8 . 2 Fast Attach 3 | . . . . 3 Attach 18 | 5 2 9 . 2 Detach 5 | . . 3 . 2 Swap 5 | 1 1 3 . . Drop 8 | . . 5 . 3 Fire 55 | 8 8 26 . 13 Melee 10 | . . 5 . 5 Ram 1 | . 1 . . . Kick . | . . . . . Crush . | . . . . . Escape Stasis . | . . . . . Rewire . | . . . . . Trap . | . . . . . Miscellaneous . | . . . . . Route ------- -11/Junkyard -10/Materials -10/Mines -10/Exiles -9/Mines History --------- Turn | Location | Event 2 | -11/Junkyard | Met Revision 17 103 | -11/Junkyard | Discovered new exit (range 8) 169 | -11/Junkyard | Entered Materials 311 | -10/Materials | Build established: Mutant 629 | -10/Materials | Discovered new exit (range 16) 665 | -10/Materials | Entered Mines 710 | -10/Mines | Met a Derelict bent on vengeance 1145 | -10/Mines | A weapon hastily lodged in a ceiling crevice suddenly fell to the ground 1237 | -10/Mines | Core integrity fell below 50% 1356 | -10/Mines | Found the Drone Emporium 1363 | -10/Mines | Found Prototype Device 1366 | -10/Mines | Identified Sensor Drone Bay 1503 | -10/Mines | Deemed a non-threat by the Exiles lab entrance 1503 | -10/Mines | Discovered new exit (range 5) 1509 | -10/Mines | Identified exit to Exiles 1521 | -10/Mines | Entered Exiles 1521 | -10/Exiles | Accompanied by 12 allies 1547 | -10/Exiles | Discovered new exit (range 14) 1568 | -10/Exiles | Entered Mines 1568 | -9/Mines | Accompanied by 12 allies 1582 | -9/Mines | Escorted by a lone wolf Derelict 1602 | -9/Mines | Learned location of Storage (-9) 1908 | -9/Mines | Learned Materials emergency access door positions 2008 | -9/Mines | Core integrity fell below 20% 2122 | -9/Mines | Assembled infested the area 2127 | -9/Mines | Assisted by a Guerilla fighting off Assembled 2177 | -9/Mines | Destroyed by as-69450 with Assembled Heavy Rifle Last Messages --------------- S-10 Pest destroyed. R-06 Scavenger collects Flight Unit. Sensor Drone retrieved by Sensor Drone Bay. K-01 Serf destroyed. as-26551 sneak attacks. R-06 Scavenger destroyed. Sensor Drone suffers critical hit (Destroy). Sensor Drone destroyed. Sensor Drone retrieved by Sensor Drone Bay. as-61017 suffers critical hit (Destroy). Sensor Drone retrieved by Sensor Drone Bay. as-26551 destroyed. Switching to secondary target: as-55849. Sensor Drone retrieved by Sensor Drone Bay. as-55849 suffers critical hit (Burn). as-55849 destroyed. Switching to secondary target: as-85934. Lgt. Ion Engine destroyed. as-85934 destroyed. Switching to secondary target: as-69450. Map ----- +----------------------------------------------------+ | | | ??????????????????????????????????????????? | | ?????????????????????#################????? | | ???????????????####??# ###### | | ??????????????## #### = # | | ??????????????# ######## # | | ??????????????# #?????## #### # | | ??????????????## #####?????# ##??# | | ???????????????# #?????????# ###???### | | ??????????????## ##?????#### ##???????? | | ?????????????## #?????## #????????? | | ????????????## ##?????# #????????? | | ???????###### ##????## #####????????? | | ???????# ###### #????????????? | | ???????# ####?????????? | | ???????# ##????????? | | ??????# ### #????????? | | ??????# ##?## #????????? | | ??????## ####### ## ##????????? | | ???????## #?# #?###??????##?? | | ????????# $ ##?# #?????????# ##? | | ???????# #####??# #### #????????? ## | | ??????# #???????# #??# #????????? | | ??????# ?????#### #??# #???????## | | ??????## #????## #??# ###????## | | ???????####?????# @ ##?# #???## | | ???????????????## #?### #??## #?? | | ??##?????????### ##??# #??# ##?? | | ?## ???????## % ##?# #??##% ##??? | | ?# ####### ###% ### #####% =#???? | | ?? #?## % ## #???? | | ??# #?##=a ## t% #???? | | ???# ###*%* #### #######???? | | ????? ## !!=####??## ##?????????? | | ?????# ??## %##??????#####??????????? | | ?????##????## ##??????????????????????? | | ?????######## ##???????????????????????? | | ????## ##????????????????????????? | | ???## ##?????????????????????????? | | ???# = #?????????????? ???????????? | | ???# % #?????????????? ???????????? | | ???# * #?????????????? ???????????? | | ???## ##?###????????? ???????????? | | ????## ## #####????? ???????????? | | ?????## #????? ???????????? | | ??????## ### ## #????? #??????????? | | ???????# ##?## ###??????# #??????????? | | ???????## ##???# ### ?###??# #??????????? | | ????????####????# #?# #?# ?? #??????????? | | ??????????## ### #?# #?# #??# #??????????? | +----------------------------------------------------+ Best States ------------- Heat Dissipation 25 Energy Generation 10 Energy Capacity 250 Matter Stores 500 Matter Capacity 700 Sight Range 16 Terrain Scan Density 10 Resistance: KI 20 Resistance: TH 20 Resistance: EX 20 Resistance: EM 20 Resistance: I 20 Resistance: S 20 Resistance: P 20 Core Shielding 20 Power Shielding 33 Evasion (%) 55 Targeting Accuracy 5 Recoil Reduction 1 Offensive Hacking 10 Item Schematics ----------------- None Robot Schematics ------------------ None Fabricated ------------ Nothing Alien Tech Used ----------------- None Achievements -------------- Release The Drones! Risk Taker Tourist Challenges ------------ None Game ------ Seed AuthchipScrapTerminator Manual? 0 Play Time 00:35:06 Cumulative 1.2 hours Start 2023.09.22 @ 10:46:05 End 2024.01.02 @ 19:03:43 Sessions 5 Manual Loads 0 Difficulty Adventurer Special Mode None Game No. 4 Rogue 0 Adventurer 4 Explorer 0 Win Type - Total 0 Types 0/0/0/0/0/0/0/0/0 Lore% 0 Gallery% 2 Achievement% 2 Wizard Run 0 Options --------- ASCII 0 Keyboard 0 Movement Arrows Keybinds 0 Fullscreen 2 Font 24/Smallcaps Map View 76x50 Tactical HUD 0 Map Filters NONE Filters NONE Steam 1 RUN: dfd0924b-ac25-45c4-b61e-6b02c0d72d8f